 Dungeon Crawl Stone Soup version 0.23.1-37-gaa34b87 (webtiles) character file.

Game seed: 12753370981895120959

103 Fang the Skirmisher (level 4, 0/29 HPs)
             Began as a Gargoyle Berserker on Mar 27, 2019.
             Was a Believer of Trog.
             Slain by a gnoll (1 damage)
             ... on level 3 of the Dungeon.
             The game lasted 00:02:57 (1501 turns).

Fang the Skirmisher (Gargoyle Berserker)            Turns: 1501, Time: 00:02:57

Health: 0/29       AC:  5    Str: 21    XL:     4   Next: 79%
Magic:  4/4        EV: 14    Int:  8    God:    Trog [**....]
Gold:   92         SH:  0    Dex:  9    Spells: 3/3 levels left

rFire    . . .     SeeInvis .   a - +0 hand axe
rCold    . . .     Gourm    .   (no shield)
rNeg     + . .     Faith    .   b - +0 animal skin
rPois    ∞         Spirit   .   (no helmet)
rElec    +         Reflect  .   (no cloak)
rCorr    .         Harm     .   (no gloves)
MR       .....                  (no boots)
Stlth    +.........             (no amulet)
HPRegen  0.09/turn              k - +2 ring of evasion
MPRegen  0.09/turn              (no ring)

@: berserk cooldown, slowed, very slow
A: negative energy resistance 1, electricity resistance, unbreathing,
petrification resistance, rot immunity, AC +3
a: Berserk, Trog's Hand, Renounce Religion


You were on level 3 of the Dungeon.
You worshipped Trog.
Trog was pleased with you.
You were very hungry.

You visited 1 branch of the dungeon, and saw 3 of its levels.

You collected 92 gold pieces.

Inventory:

Hand Weapons
 a - a +0 hand axe (weapon)
Armour
 b - a +0 animal skin (worn)
Jewellery
 k - a +2 ring of evasion (left hand)
Scrolls
 f - a scroll of amnesia {unknown}
 h - a scroll of magic mapping {unknown}
 i - a scroll of enchant weapon {unknown}
 m - a scroll of noise {unknown}
 n - a scroll of remove curse {unknown}
Potions
 d - 2 potions of heal wounds {unknown}
 e - a potion of curing {unknown}
 g - a potion of resistance {unknown}
 j - 2 potions of cancellation {unknown}
Comestibles
 c - 8 rations
 l - a chunk of flesh


   Skills:
 + Level 4.1 Fighting
 + Level 3.3 Axes
 + Level 3.2 Armour
 + Level 2.3 Dodging


You had 3 spell levels left.
You didn't know any spells.
Your spell library was empty.

Dungeon Overview and Level Annotations

Branches:
Dungeon (3/15)

Altars:
Cheibriados


Innate Abilities, Weirdness & Mutations

You are resistant to torment.
Your stone body is resilient. (AC +3)
You are immune to poison.
You resist negative energy. (rN+)
You are resistant to electric shocks. (rElec)
You can survive without breathing.
You are immune to petrification.
You are immune to rotting.


Message History

The gnoll closely misses you.
You closely miss the gnoll. The gnoll misses you.
You barely miss the gnoll. The gnoll completely misses you.
The gnoll barely misses you.
You hit the gnoll.
The gnoll is moderately wounded.
The gnoll barely misses you. The gnoll hits you.
* * * LOW HITPOINT WARNING * * *
Some of the chunks of flesh in your inventory have rotted away.
You closely miss the gnoll.
The gnoll is moderately wounded.
The gnoll misses you.
You barely miss the gnoll.
The gnoll is moderately wounded.
The gnoll barely misses you. The gnoll hits you.
* * * LOW HITPOINT WARNING * * *
You hit the gnoll.
The gnoll is severely wounded.
The gnoll hits you.
You die...

#.# #.#
#.# #.#
#.# #.#
#.# #.#
#@# #g#
...
.....
##...##
...##
####


You could see a gnoll.

Vanquished Creatures
  3 gnolls (D:3)
  6 dart slugs
  2 leopard geckos (D:2)
  3 ball pythons (D:2)
  11 bats
  5 giant cockroaches
  3 hobgoblins (D:1)
  3 jackals (D:2)
  A quokka (D:2)
  A frilled lizard (D:1)
  6 goblins
  6 kobolds
  7 rats
57 creatures vanquished.

Notes
Turn   | Place    | Note
-------+----------+-------------------------------------------
     0 | D:1      | Fang the Gargoyle Berserker began the quest for the Orb.
     0 | D:1      | Reached XP level 1. HP: 14/14 MP: 1/1
    69 | D:1      | Reached XP level 2. HP: 18/19 MP: 2/2
   538 | D:1      | Reached XP level 3. HP: 24/24 MP: 3/3
   932 | D:2      | Reached ** piety under Trog
  1058 | D:2      | Found a snail-covered altar of Cheibriados.
  1128 | D:2      | Reached XP level 4. HP: 28/29 MP: 4/4
  1483 | D:3      | Reached skill level 4 in Fighting
  1500 | D:3      | HP: 1/29 [gnoll (4)]
  1501 | D:3      | Slain by a gnoll

Skill      XL: |  1  2  3  4 |
---------------+-------------+-----
Axes           | 3 |  3.3
Dodging        | 2 |  2.3
Armour         | 3 |  3.2
Fighting       | 4 |  4.1

Action                   |  1- 3 |  4- 6 || total
-------------------------+-------+-------++-------
Melee: Hand axe          |   128 |    56 ||   184
Invok: Berserk           |       |     1 ||     1
 Stab: Sleeping          |     2 |       ||     2
  Eat: Chunk             |     1 |     1 ||     2
Armor: Animal skin       |    41 |    13 ||    54
Dodge: Dodged            |   112 |    48 ||   160
